Map: Blueshift LE

Players

Piroxiljin - Winner!

  • Race: Terran Terran
  • Spawn Location: 1:00

VOD

Have the link to the VOD?

Description

Time

  • Played on: Jan. 13, 2019, 2:19 a.m.
  • Length: 14:02
Show
View Real Time Build Order
Export as new Build Order

Piroxiljin Terran - Winner!

Build Orders:  

Get SALT Encoding   

  12  0:03  SCV  
  13  0:20  SCV  
  14  0:37  Supply Depot  
  14  0:44  SCV  
  15  1:07  SCV  
  16  1:27  Barracks  
  16  1:33  SCV  
  16  1:36  Refinery  
  17  1:49  SCV  
  18  2:09  SCV  
  19  2:27  Barracks  
  19  2:30  SCV  
  19  2:39  Marine  
  21  2:49  Supply Depot  
  21  2:51  SCV  
  21  3:24  Orbital Command  
  21  3:25  Reaper  
  22  3:52  Supply Depot  
  22  4:03  Command Center  
  22  4:28  Refinery  
  22  4:29  Marine  
  24  4:39  Barracks Tech Lab  
  23  4:46  SCV  
  24  4:54  Marine  
  25  5:12  Unknown  
  24  5:34  SCV  
  24  5:38  Marauder  
  27  5:53  SCV  
  28  6:01  SCV  
  28  6:08  Marauder  
  31  6:20  Factory  
  31  6:37  Marauder  
  33  6:49  SCV  
  34  7:06  SCV  
  34  7:07  Marauder  
  37  7:20  Marine  
  37  7:23  SCV, Unknown  
  37  7:24  Engineering Bay  
  37  7:29  SCV  
  40  7:37  Marine  
  41  7:42  Factory Tech Lab  
  41  8:02  Marine  
  41  8:05  Supply Depot  
  41  8:06  Supply Depot  
  42  8:10  Supply Depot  
  42  8:16  Cyclone  
  45  8:27  Marine  
  46  8:43  Starport  
  46  8:56  SCV  
  47  9:01  Cyclone  
  50  9:30  Refinery  
  50  9:35  Refinery  
  50  9:37  Starport  
  50  9:38  Orbital Command  
  50  9:46  Cyclone  
  53  10:14  Viking  
  54  10:31  Cyclone  
  57  10:56  Viking  
  59  11:00  SCV x2  
  61  11:17  SCV  
  62  11:23  Cyclone  
  65  11:36  Viking  
  65  11:38  Viking  
  69  12:05  Supply Depot  
  69  12:08  Cyclone, Supply Depot  
  72  12:10  Supply Depot  
  72  12:14  Supply Depot x2  
  72  12:18  Viking  
  73  12:52  Cyclone  
  75  13:14  Unknown  
  75  13:34  Unknown  
Tags
 
Add a new tag
Caveats
  • Supply blocks, unpowered buildings, or Contaminate may cause inaccurate times.
  • Supply counts are checked every 10 seconds.